 Dungeon Sprint DCSS version 0.30.0-20-g3b4254fcbd (webtiles) character file.

Game seed: 166105981547911799

3485 Groucho the Unseen (level 9, -5/39 HPs)
             Began as a Spriggan Enchanter on June 2, 2023.
             Was a Believer of Dithmenos.
             Slain by a large slime creature (30 damage)
             ... in the Dungeon (Sprint II: "The Violet Keep of Menkaure").
             The game lasted 00:06:37 (518 turns).

Groucho the Unseen (Spriggan Enchanter)              Turns: 518, Time: 00:06:38

Health: -5/39      AC:  7    Str:  4    XL:     9   Next: 79%
Magic:  16/26      EV: 22    Int: 20    God:    Dithmenos [**....]
Gold:   588        SH:  0    Dex: 16    Spells: 21/32 levels left

rFire   + . .        f - +3 dagger of Reiriups {freeze, Stlth+}
rCold   + . .        (no shield)
rNeg    . . .        a - +2 robe {rC+ rF+}
rPois   .            (helmet restricted)
rElec   .            j - +2 cloak
rCorr   .            (gloves unavailable)
SInv    +            (boots unavailable)
Will    +....        (no amulet)
Stlth   +++++++++    (no ring)
HPRegen 0.26/turn    (no ring)
MPRegen 0.20/turn

%: no teleportation
@: wreathed by umbra, very quick
A: very small, no large weapons, unfitting armour, see invisible, speed 3,
screaming 1
a: Renounce Religion, Shadow Step


You were in the Dungeon.
You worshipped Dithmenos.
Dithmenos was pleased with you.
You visited 1 branch You collected 1134 gold pieces.
You spent 546 gold pieces at shops.

Inventory:

Hand Weapons
 f - the +3 dagger of Reiriups (weapon) {freeze, Stlth+}
   (You bought it in a shop in the Dungeon)

   Stlth:     It makes you more stealthy.
Armour
 a - a +2 robe of resistance (worn)
 j - a +2 cloak (worn)
Scrolls
 i - a scroll of blinking
 k - a scroll of butterflies {unknown}
Potions
 c - a potion of invisibility
 d - a potion of curing
 e - a potion of heal wounds
 g - 2 potions of magic
 h - a potion of berserk rage
 l - a potion of flight


   Skills:
 - Level 10.0 Short Blades
 + Level 9.2 Dodging
 - Level 17.0 Stealth
 + Level 12.4 Spellcasting
 + Level 5.0 Conjurations
 + Level 12.6 Hexes
 + Level 4.8 Fire Magic


You had 21 spell levels left.
You knew the following spells:

 Your Spells              Type           Power      Damage    Failure   Level
a - Ensorcelled Hibernat  Hex/Ice        74%        N/A       1%          2
b - Confusing Touch       Hex            58%        N/A       1%          3
c - Dazzling Flash        Conj/Hex       94%        N/A       1%          3
d - Tukima's Dance        Hex            58%        N/A       1%          3

Your spell library contained the following spells:

 Spells                   Type           Power      Damage    Failure   Level


Dungeon Overview and Level Annotations

Branches:
Dungeon (1/1)

Altars:
Cheibriados
Dithmenos
Elyvilon
Fedhas
Gozag
Hepliaklqana
Kikubaaqudgha
Makhleb
Nemelex Xobeh
Okawaru
Qazlal
Ru
Sif Muna
Trog
Uskayaw
Vehumet
Wu Jian
Xom
Yredelemnul
Zin
The Shining One
Jiyva
Lugonu

Shops:
D :[?(!=:[([!?(!=

Annotations:
D exclusion: oklob plant


Innate Abilities, Weirdness & Mutations

You are very small and have problems with some larger weapons.
You are too small for most types of armour.
You have supernaturally acute eyesight. (SInv)
You cover ground extremely quickly. (Speed+++)
You occasionally shout uncontrollably at your foes.


Message History

Press: ? - help, Shift-Dir - straight line, f/p - slime creature
Aim: a slime creature (umbra, chance to affect: 47%)
The slime creature looks drowsy...
Two slime creatures merge to form a large slime creature.
Unknown command.
Casting: Ensorcelled Hibernation (safe; 1% risk of failure)
Confirm with . or Enter, or press ? or * to list all spells.
Aiming: Ensorcelled Hibernation (safe; 1% risk of failure)
Press: ? - help, Shift-Dir - straight line, f - you, p - large slime creature That would be overly suicidal.
Okay, then.
Unknown command.
Unknown command.
Casting: Ensorcelled Hibernation (safe; 1% risk of failure)
Confirm with . or Enter, or press ? or * to list all spells.
Your hands begin to glow red.
You hit the large slime creature but do no damage.
You hit the large slime creature but do no damage.
The large slime creature completely misses you.
You hit the large slime creature but do no damage.
The large slime creature appears confused.
You hit the large slime creature. You freeze the large slime creature.
The large slime creature is lightly wounded.
The large slime creature completely misses you.
The large slime creature hits itself!
You strike the helpless large slime creature from behind!
You spit the large slime creature like a pig!!!
You freeze the large slime creature!
The large slime creature is heavily wounded.
The slime creature quivers.
You hit the large slime creature. You freeze the large slime creature.
The large slime creature is severely wounded.
You hit the large slime creature. You freeze the large slime creature.
The large slime creature is severely wounded.
You hit the large slime creature. You freeze the large slime creature.
You punch the large slime creature, but do no damage.
The large slime creature is severely wounded.
The large slime creature hits you!!
Ouch! That really hurt!
You die...

##++## # ##≈...### ~##
e≈.....# ~~#+++#
####....# ~~....
#$.'.J..# ~~~.##+##
#..####.#
~~~##.#†##.####.@JJ##.#
~~~#†.#..# ...#..#...#
~#####.#####..#####..#
!$[
##.###'###.##..#[.'..#


$()( #...##.##...#..#..#..# ▓!$[?$ '.#.'.<.'.##'..####..### ▓$([?!(
#.).##.####.#....###...##▓▓▓▓▓▓▓ ##.###'###.##......~~~~~~~~~~~~~
~####...####~~.§...~#'########+## You could see a large slime creature
(confused) and a slime creature.

Vanquished Creatures
  2 hell hogs (D)
  3 shining eyes (D)
  A merfolk siren (D)
  A blink frog (D)
  Menkaure (D)
  A water moccasin (D)
  4 scorpions (D)
  4 necrophages (D)
  3 worms (D)
20 creatures vanquished.

Notes
Turn   | Place    | Note
-------+----------+-------------------------------------------
     0 | D        | Groucho the Spriggan Enchanter began the quest for the Orb.
     0 | D        | Reached XP level 1. HP: 9/9 MP: 5/5
     3 | D        | Noticed a scorpion
     3 | D        | Noticed a scorpion
     5 | D        | Noticed a scorpion
     5 | D        | Noticed a scorpion
     6 | D        | Killed a scorpion
     7 | D        | Reached skill level 8 in Stealth
     7 | D        | Reached skill level 5 in Hexes
     7 | D        | Reached XP level 2. HP: 13/13 MP: 5/8
     7 | D        | Reached XP level 3. HP: 16/16 MP: 6/10
     8 | D        | Killed a scorpion
     9 | D        | Reached skill level 10 in Stealth
     9 | D        | Reached skill level 5 in Spellcasting
     9 | D        | Reached XP level 4. HP: 21/21 MP: 6/12
    10 | D        | Killed a scorpion
    11 | D        | Reached skill level 5 in Short Blades
    11 | D        | Reached skill level 11 in Stealth
    11 | D        | Reached XP level 5. HP: 24/24 MP: 6/14
    16 | D        | Reached skill level 12 in Stealth
    35 | D        | Reached skill level 13 in Stealth
    35 | D        | Reached XP level 6. HP: 14/28 MP: 7/17
    39 | D        | Reached skill level 14 in Stealth
    46 | D        | Noticed a merfolk siren
    49 | D        | Killed a merfolk siren
    50 | D        | Reached skill level 16 in Stealth
    50 | D        | Reached XP level 7. HP: 18/32 MP: 8/20
    56 | D        | Learned a level 2 spell: Ensorcelled Hibernation
    60 | D        | Learned a level 3 spell: Confusing Touch
    64 | D        | Learned a level 3 spell: Dazzling Flash
    68 | D        | Learned a level 3 spell: Tukima's Dance
    68 | D        | Found Giqot's Jewellery Shop.
    68 | D        | Found Esif's Magic Scroll Boutique.
    68 | D        | Found Zefypp's Antique Weapon Boutique.
    68 | D        | Found Zuepo's Antique Armour Shop.
    68 | D        | Found Adoplo's Distillery.
    68 | D        | Found Zeanen's Book Boutique.
   120 | D        | Found Qill's Jewellery Boutique.
   120 | D        | Found Feysteme's Distillery.
   120 | D        | Found Qameett's Antique Weapon Boutique.
   120 | D        | Found Ziuc's Weapon Shop.
   140 | D        | Found Fuapewnim's Distillery.
   140 | D        | Found Amiqomat's Antique Armour Shop.
   140 | D        | Found Wasuez's Magic Scroll Shop.
   140 | D        | Found Amuqi's Antique Armour Boutique.
   140 | D        | Noticed Menkaure
   155 | D        | Killed Menkaure
   156 | D        | Reached skill level 17 in Stealth
   156 | D        | Reached skill level 10 in Spellcasting
   156 | D        | Reached skill level 1 in Conjurations
   156 | D        | Reached skill level 10 in Hexes
   156 | D        | Reached XP level 8. HP: 36/36 MP: 19/23
   158 | D        | Noticed an oklob plant
   159 | D        | Found Isitamoen's Book Shoppe.
   179 | D        | Noticed a manticore
   179 | D        | Noticed a manticore
   188 | D        | Bought a bloodstained dagger for 175 gold pieces
   188 | D        | Identified the +3 dagger of Reiriups {freeze, Stlth+} (You
                  | bought it in a shop in the Dungeon)
   189 | D        | Bought an embroidered cloak for 135 gold pieces
   201 | D        | Noticed a blink frog
   203 | D        | Killed a blink frog
   214 | D        | Bought a potion of flight for 39 gold pieces
   225 | D        | Bought a runed robe for 122 gold pieces
   242 | D        | Bought a scroll of enchant armour for 75 gold pieces
   283 | D        | Found a glowing golden altar of the Shining One.
   283 | D        | Found an ornate altar of the Wu Jian Council.
   284 | D        | Found a shimmering altar of Xom.
   284 | D        | Found a sacrificial altar of Ru.
   284 | D        | Found a stormy altar of Qazlal.
   285 | D        | Found a basalt altar of Yredelemnul.
   285 | D        | Found a shimmering blue altar of Sif Muna.
   285 | D        | Found a viscous altar of Jiyva.
   286 | D        | Found a glowing silver altar of Zin.
   286 | D        | Found a bloodstained altar of Trog.
   286 | D        | Found an ancient bone altar of Kikubaaqudgha.
   287 | D        | Found a hide-covered altar of Uskayaw.
   287 | D        | Found a corrupted altar of Lugonu.
   287 | D        | Found a shadowy altar of Dithmenos.
   288 | D        | Found a radiant altar of Vehumet.
   288 | D        | Found a burning altar of Makhleb.
   288 | D        | Found a white marble altar of Elyvilon.
   289 | D        | Found a sparkling altar of Nemelex Xobeh.
   289 | D        | Found a blossoming altar of Fedhas.
   291 | D        | Found an iron altar of Okawaru.
   291 | D        | Found an opulent altar of Gozag.
   291 | D        | Found a hazy altar of Hepliaklqana.
   291 | D        | Found a snail-covered altar of Cheibriados.
   298 | D        | Became a worshipper of Dithmenos the Shadowed
   309 | D        | Noticed a hell hog
   310 | D        | Noticed a hell hog
   311 | D        | Killed a hell hog
   313 | D        | Killed a hell hog
   313 | D        | Reached * piety under Dithmenos
   314 | D        | Reached skill level 10 in Short Blades
   314 | D        | Reached XP level 9. HP: 39/39 MP: 23/25
   319 | D        | Noticed a shining eye
   319 | D        | Noticed a shining eye
   320 | D        | Noticed a shining eye
   321 | D        | Killed a shining eye
   404 | D        | Gained mutation: You occasionally shout uncontrollably at
                  | your foes. [a shining eye]
   407 | D        | Killed a shining eye
   413 | D        | Killed a shining eye
   413 | D        | Reached ** piety under Dithmenos
   414 | D        | Reached skill level 5 in Conjurations
   418 | D        | Noticed a deep elf master archer
   518 | D        | Slain by a large slime creature

Illustrated notes

Levels and vault maps discovered:
D:        the_violet_keep_of_menkaure [sprint2_stairs_cluster_1,
          sprint2_shoproom, sprint2_temple, sprint2_basic_supplies,
          sprint2_obstacle_3, sprint2_obstacle_6, sprint2_obstacle_2,
          sprint2_obstacle_4, sprint2_obstacle_5, sprint2_timed_cluster_1,
          sprint2_smallroom_cluster_1, sprint2_smallroom_final_cluster_1,
          sprint2_transparent_cluster_1, sprint2_second_timed_cluster_1,
          sprint2_sniper_area_1, sprint2_heavy_combat_area_1,
          sprint2_mutation_trap_area_1, sprint2_forest_area_1,
          sprint2_light_combat_area_1, sprint2_behind_water_1,
          sprint2_near_end_vault_1]

Skill      XL: |  1  2  3  4  5  6  7  8  9 |
---------------+----------------------------+-----
Short Blades   | 3 4 5 6 8 10 | 10.0
Stealth        | 8 10 11 13 16 17 | 17.0
Spellcasting   | 4 5 6 7 9 10 11 12 | 12.4
Hexes          | 5 6 7 9 10 11 12 | 12.6
Conjurations   | 1 3 5 |  5.0
Dodging        | 7 9 |  9.2
Fire Magic     | 3 4 |  4.8

Action                     |  1- 3 |  4- 6 |  7- 9 || total
---------------------------+-------+-------+-------++-------
  Melee: Dagger            |     2 |    12 |    20 ||    34
         Punch             |       |       |     1 ||     1
   Cast: Ensorcelled Hiber |       |       |     6 ||     6
         Confusing Touch   |       |       |     2 ||     2
         Dazzling Flash    |       |       |     3 ||     3
    Use: Potion            |     2 |       |       ||     2
         Scroll            |       |       |     1 ||     1
   Stab: Sleeping          |     2 |     7 |     7 ||    16
         Invisible         |       |     2 |     1 ||     3
         Confused          |       |       |     2 ||     2
  Dodge: Dodged            |       |     1 |     4 ||     5
